PIO
OREM OWLZ @ OGDEN RAPTORS
07/21/2099
 
TOP OF THE 1ST
Orem Owlz batting - Pitching for Ogden Raptors : RHP Craig Marks
Pitching: RHP Craig Marks
Batting: LHB Raul Paredes 0-0: Called Strike
0-1: Ball
1-1: Foul Ball, location: 5SF
1-2: Ball
2-2: Ground out 6-3 (Groundball, 6S, EV 92.5 MPH)
Batting: RHB Adrian Harris 0-0: Fly out, F9 (Flyball, 89S, EV 87.5 MPH)
Batting: LHB Danny O'Rear 0-0: Ball
1-0: Called Strike
1-1: Ball
2-1: Fly out, F7 (Flyball, 7D, EV 90.6 MPH)
Top of the 1st over - 0 runs, 0 hits, 0 errors, 0 left on base; Orem 0 - Ogden 0
BOTTOM OF THE 1ST
Ogden Raptors batting - Pitching for Orem Owlz : RHP Jason Newman
Pitching: RHP Jason Newman
Batting: RHB Brian Ellis 0-0: Ball
1-0: Ball
2-0: Ball
3-0: Called Strike
3-1: Ground out 5-3 (Groundball, 56, EV 106.9 MPH)
Batting: LHB Mike Hammes 0-0: Ball
1-0: Called Strike
1-1: Foul Ball, location: 3SF
1-2: Ball
2-2: Ball
3-2: Foul Ball, location: 2F
3-2: Base on Balls
Batting: RHB Rodrige Apraksin 0-0: Foul Ball, location: 5FF
0-1: SINGLE (Line Drive, 89M, EV 91.3 MPH)
Mike Hammes to second
Batting: RHB Randy Wittman 0-0: Ball
1-0: Ball
2-0: Called Strike
2-1: Ball
3-1: Base on Balls
Mike Hammes to third
Rodrige Apraksin to second
Batting: SHB Eddie Brancato 0-0: Foul Ball, location: 23F
0-1: Ball
1-1: Ball
2-1: Ball
3-1: Base on Balls
Mike Hammes scores
Rodrige Apraksin to third
Randy Wittman to second
Batting: RHB Kevin Shamblin 0-0: Ball
1-0: Swinging Strike
1-1: Foul Ball, location: 5F
1-2: Ball
2-2: Fly out, F8 (Flyball, 8LD, EV 81.3 MPH)
Runner from 3rd tags up, SCORES, throw by CF
Batting: RHB Chris Farley 0-0: Fly out, F7 (Flyball, 78M, EV 73.8 MPH)
Bottom of the 1st over - 2 runs, 1 hit, 0 errors, 2 left on base; Orem 0 - Ogden 2
TOP OF THE 2ND
Orem Owlz batting - Pitching for Ogden Raptors : RHP Craig Marks
Batting: LHB Chad Smith 0-0: Ground out 6-3 (Groundball, 4, EV 107.5 MPH)
Batting: RHB Dustin Flowers 0-0: Ground out 4-3 (Groundball, 4, EV 103.1 MPH)
Batting: RHB Luis Trevino 0-0: Swinging Strike
0-1: Ball
1-1: Ball
2-1: Foul Ball, location: 2F
2-2: SINGLE (Groundball, 6MD, EV 100.0 MPH)
Batting: RHB Brent Little 0-0: Called Strike
0-1: Foul Ball, location: 2F
0-2: Ball
1-2: DOUBLE (Flyball, 89D, EV 104.4 MPH)
Luis Trevino to third
Runner from 3rd tries for Home, SAFE, throw by CF to trailing runner, SAFE at third!
Batting: SHB Kyle Reavis 0-0: Ball
1-0: Foul Ball, location: 2F
1-1: Ball
2-1: DOUBLE (Line Drive, 8RXD, EV 103.1 MPH)
Brent Little scores
Batting: RHB Ruben Hernandez 0-0: Called Strike
0-1: Ball
1-1: Foul Ball, location: 2F
1-2: Foul Ball, location: 2F
1-2: Foul Ball, location: 2F
1-2: Foul Ball, location: 7LMF
1-2: Foul Ball, location: 2F
1-2: Strikes out looking
Top of the 2nd over - 2 runs, 3 hits, 0 errors, 1 left on base; Orem 2 - Ogden 2
BOTTOM OF THE 2ND
Ogden Raptors batting - Pitching for Orem Owlz : RHP Jason Newman
Batting: RHB Rich Velez 0-0: Ball
1-0: Swinging Strike
1-1: Called Strike
1-2: SINGLE (Line Drive, 7S, EV 110.0 MPH)
Batting: RHB Jim Voge 0-0: Sac Bunt to 13S - play at first, batter OUT! 1-3
Rich Velez to second
Batting: RHB Brian Ellis 0-0: Fly out, F9 (Flyball, 9S, EV 71.9 MPH)
Batting: LHB Mike Hammes 0-0: SINGLE (Groundball, 6MD, EV 95.6 MPH)
Rich Velez to third
Runner from 3rd tries for Home, SAFE, throw by CF to home
Batting: RHB Rodrige Apraksin 0-0: Called Strike
0-1: SINGLE (Line Drive, 9LS, EV 93.8 MPH)
Mike Hammes to second
Runner from 2nd tries for 3rd, SAFE, no throw by RF
Batting: RHB Randy Wittman 0-0: Ball
1-0: Ball
2-0: Fly out, F8 (Flyball, 78D, EV 96.3 MPH)
Bottom of the 2nd over - 1 run, 3 hits, 0 errors, 2 left on base; Orem 2 - Ogden 3
TOP OF THE 3RD
Orem Owlz batting - Pitching for Ogden Raptors : RHP Craig Marks
Batting: LHB Raul Paredes 0-0: Ball
1-0: Ball
2-0: Ball
3-0: Called Strike
3-1: Base on Balls
Batting: RHB Adrian Harris 0-0: Ground out 6-3 (Groundball, 6D, EV 108.1 MPH)
Raul Paredes to second
Batting: LHB Danny O'Rear 0-0: Ball
1-0: Ball
2-0: Ground out 6-3 (Groundball, 6M, EV 96.3 MPH)
Batting: LHB Chad Smith 0-0: Called Strike
0-1: Foul Ball, location: 25F
0-2: Strikes out looking
Top of the 3rd over - 0 runs, 0 hits, 0 errors, 1 left on base; Orem 2 - Ogden 3
BOTTOM OF THE 3RD
Ogden Raptors batting - Pitching for Orem Owlz : RHP Jason Newman
Batting: SHB Eddie Brancato 0-0: Called Strike
0-1: Ball
1-1: Ground out 4-3 (Groundball, 4M, EV 95.0 MPH)
Batting: RHB Kevin Shamblin 0-0: Ground out 5-3 (Groundball, 56, EV 78.1 MPH)
Batting: RHB Chris Farley 0-0: Foul Ball, location: 2F
0-1: Ball
1-1: Foul Ball, location: 9LMF
1-2: Ground out 5-3 (Groundball, 56, EV 105.6 MPH)
Bottom of the 3rd over - 0 runs, 0 hits, 0 errors, 0 left on base; Orem 2 - Ogden 3
TOP OF THE 4TH
Orem Owlz batting - Pitching for Ogden Raptors : RHP Craig Marks
Batting: RHB Dustin Flowers 0-0: Ball
1-0: Called Strike
1-1: Ball
2-1: Ground out U3 (Groundball, 3, EV 108.1 MPH)
Batting: RHB Luis Trevino 0-0: Called Strike
0-1: Ball
1-1: Foul Ball, location: 7LDF
1-2: Strikes out swinging
Batting: RHB Brent Little 0-0: Ball
1-0: Ball
2-0: Fly out, F9 (Flyball, 89S, EV 85.6 MPH)
Top of the 4th over - 0 runs, 0 hits, 0 errors, 0 left on base; Orem 2 - Ogden 3
BOTTOM OF THE 4TH
Ogden Raptors batting - Pitching for Orem Owlz : RHP Jason Newman
Batting: RHB Rich Velez 0-0: Ball
1-0: Swinging Strike
1-1: Ball
2-1: Ball
3-1: Called Strike
3-2: Strikes out swinging
Batting: RHB Jim Voge 0-0: Called Strike
0-1: Ball
1-1: Fly out, F4 (Popup, 4S, EV 70.6 MPH)
Batting: RHB Brian Ellis 0-0: Called Strike
0-1: Ball
1-1: Ball
2-1: Called Strike
2-2: Strikes out swinging
Bottom of the 4th over - 0 runs, 0 hits, 0 errors, 0 left on base; Orem 2 - Ogden 3
TOP OF THE 5TH
Orem Owlz batting - Pitching for Ogden Raptors : RHP Craig Marks
Batting: SHB Kyle Reavis 0-0: Ball
1-0: Ball
2-0: Ball
3-0: Base on Balls
Batting: RHB Ruben Hernandez 0-0: Ball
1-0: Ball
2-0: Called Strike
2-1: Bunted foul
2-2: Strikes out swinging
Batting: LHB Raul Paredes 0-0: Called Strike
0-1: Swinging Strike
0-2: Ball
1-2: Ball
2-2: Ball
Wild Pitch!
Kyle Reavis to second
3-2: Strikes out looking
Batting: RHB Adrian Harris 0-0: Ground out 1-3 (Groundball, 15, EV 72.5 MPH)
Top of the 5th over - 0 runs, 0 hits, 0 errors, 1 left on base; Orem 2 - Ogden 3
BOTTOM OF THE 5TH
Ogden Raptors batting - Pitching for Orem Owlz : RHP Jason Newman
Batting: LHB Mike Hammes 0-0: Swinging Strike
0-1: Ball
1-1: Fly out, F9 (Flyball, 9, EV 83.1 MPH)
Batting: RHB Rodrige Apraksin 0-0: Foul Ball, location: 7LMF
0-1: Called Strike
0-2: Strikes out swinging
Batting: RHB Randy Wittman 0-0: Called Strike
0-1: Ball
1-1: Ball
2-1: Swinging Strike
2-2: Ball
3-2: Ground out 6-3 (Groundball, 6M, EV 87.5 MPH)
Bottom of the 5th over - 0 runs, 0 hits, 0 errors, 0 left on base; Orem 2 - Ogden 3
TOP OF THE 6TH
Orem Owlz batting - Pitching for Ogden Raptors : RHP Craig Marks
Pitching: RHP Erik Hare
Batting: LHB Danny O'Rear 0-0: Ball
1-0: Swinging Strike
1-1: Foul Ball, location: 7LMF
1-2: Ball
2-2: Strikes out looking
Pitching: LHP Shawn Esworthy
Batting: RHB Glenn Sciancalepore 0-0: Called Strike
0-1: Swinging Strike
0-2: Ball
1-2: Ground out 1-3 (Groundball, 15S, EV 67.5 MPH)
Batting: RHB Dustin Flowers 0-0: Ball
1-0: Ball
2-0: Foul Ball, location: 7LSF
2-1: Foul Ball, location: 9LDF
2-2: Foul Ball, location: 2F
2-2: Strikes out swinging
Top of the 6th over - 0 runs, 0 hits, 0 errors, 0 left on base; Orem 2 - Ogden 3
BOTTOM OF THE 6TH
Ogden Raptors batting - Pitching for Orem Owlz : RHP Jason Newman
Batting: SHB Eddie Brancato 0-0: Swinging Strike
0-1: Foul Ball, location: 23FF
0-2: Strikes out swinging
Batting: RHB Kevin Shamblin 0-0: Ground out 6-3 (Groundball, 56, EV 80.0 MPH)
Batting: RHB Chris Farley 0-0: Called Strike
0-1: Swinging Strike
0-2: Ball
1-2: DOUBLE (Line Drive, 89M, EV 93.8 MPH)
Batting: RHB Rich Velez 0-0: Intentional Walk
Pitching: RHP Pedro Talavera
Batting: RHB Jim Voge 0-0: Ball
1-0: SINGLE (Line Drive, 5D, EV 96.9 MPH)
Chris Farley to third
Rich Velez to second
Runner from 3rd tries for Home, SAFE, throw by LF to home
Batting: RHB Brian Ellis 0-0: Ball
1-0: Ball
2-0: Foul Ball, location: 5DF
2-1: Fly out, F9 (Flyball, 89M, EV 83.1 MPH)
Bottom of the 6th over - 1 run, 2 hits, 0 errors, 2 left on base; Orem 2 - Ogden 4
TOP OF THE 7TH
Orem Owlz batting - Pitching for Ogden Raptors : LHP Shawn Esworthy
Batting: RHB Luis Trevino 0-0: Ball
1-0: Ball
2-0: Swinging Strike
2-1: Foul Ball, location: 2F
2-2: Ball
3-2: Foul Ball, location: 9LSF
3-2: Foul Ball, location: 2F
3-2: Strikes out swinging
Batting: RHB Brent Little 0-0: Ball
1-0: Fly out, F9 (Line Drive, 9S, EV 91.3 MPH)
Batting: SHB Kyle Reavis 0-0: Ball
1-0: Foul Ball, location: 3FF
1-1: Swinging Strike
1-2: Ball
2-2: Foul Ball, location: 5SF
2-2: Strikes out swinging
Top of the 7th over - 0 runs, 0 hits, 0 errors, 0 left on base; Orem 2 - Ogden 4
BOTTOM OF THE 7TH
Ogden Raptors batting - Pitching for Orem Owlz : RHP Pedro Talavera
Batting: LHB Mike Hammes 0-0: Called Strike
0-1: Swinging Strike
0-2: Foul Ball, location: 3F
0-2: Foul Ball, location: 3SF
0-2: Ball
1-2: Strikes out swinging
Batting: RHB Rodrige Apraksin 0-0: Ball
1-0: Called Strike
1-1: Fly out, F8 (Line Drive, 8RM, EV 91.3 MPH)
Batting: RHB Randy Wittman 0-0: Ground out 4-3 (Groundball, 4, EV 105.0 MPH)
Bottom of the 7th over - 0 runs, 0 hits, 0 errors, 0 left on base; Orem 2 - Ogden 4
TOP OF THE 8TH
Orem Owlz batting - Pitching for Ogden Raptors : LHP Shawn Esworthy
Batting: RHB Ruben Hernandez 0-0: Foul Ball, location: 2F
0-1: Ground out U3 (Groundball, 3, EV 83.8 MPH)
Pinch Hitting: RHB Jon Kren 0-0: Ball
1-0: Called Strike
1-1: Ball
2-1: Foul Ball, location: 2F
2-2: Ball
3-2: SINGLE (Line Drive, 89S, EV 90.6 MPH)
Batting: RHB Adrian Harris 0-0: Foul Ball, location: 2F
0-1: Grounds into double play, U3-6 (Groundball, 3L, EV 88.1 MPH)
Top of the 8th over - 0 runs, 1 hit, 0 errors, 0 left on base; Orem 2 - Ogden 4
BOTTOM OF THE 8TH
Ogden Raptors batting - Pitching for Orem Owlz : RHP Pedro Talavera
Now in RF: Bill Payne
Batting: SHB Eddie Brancato 0-0: Foul Ball, location: 7LSFF
0-1: Foul Ball, location: 2F
0-2: Ground out 4-3 (Groundball, 4, EV 88.8 MPH)
Batting: RHB Kevin Shamblin 0-0: Called Strike
0-1: Fly out, F9 (Line Drive, 9S, EV 91.3 MPH)
Batting: RHB Chris Farley 0-0: Fly out, F7 (Line Drive, 78M, EV 93.8 MPH)
Bottom of the 8th over - 0 runs, 0 hits, 0 errors, 0 left on base; Orem 2 - Ogden 4
TOP OF THE 9TH
Orem Owlz batting - Pitching for Ogden Raptors : LHP Shawn Esworthy
Pitching: RHP Nate Jackowski
Now at 3B: Jose Garibay
Batting: LHB Danny O'Rear 0-0: Ball
1-0: Swinging Strike
1-1: Ground out 4-3 (Groundball, 34, EV 108.1 MPH)
Batting: RHB Glenn Sciancalepore 0-0: Called Strike
0-1: Called Strike
0-2: Ball
1-2: SOLO HOME RUN (Flyball, 7D, EV 108.1 MPH), Distance : 386 ft
Batting: RHB Dustin Flowers 0-0: Ball
1-0: Ground out 4-3 (Groundball, 4, EV 82.5 MPH)
Batting: RHB Luis Trevino 0-0: Swinging Strike
0-1: Ball
1-1: Ball
2-1: Ground out 6-3 (Groundball, 6, EV 87.5 MPH)
Top of the 9th over - 1 run, 1 hit, 0 errors, 0 left on base; Orem 3 - Ogden 4
Sunday, May 12th , 2024 - OOTP Baseball 24.11 Build 85